 Dungeon Crawl Stone Soup version 0.31.0-11-ge490571c62 (webtiles) character file.

Game seed: 1810337367722595882

68 Buffagor the Slasher (level 4, 36/36 HPs)
             Began as a Barachi Fighter on Jan 27, 2024.
             Was a Follower of Sif Muna.
             Quit the game on level 3 of the Dungeon.
             The game lasted 00:04:48 (2038 turns).

Buffagor the Slasher (Barachi Fighter)              Turns: 2038, Time: 00:04:49

Health: 36/36      AC:  6    Str: 18    XL:     4   Next: 19%
Magic:  4/4        EV:  9    Int:  8    God:    Sif Muna [*.....]
Gold:   67         SH:  4    Dex: 13    Spells: 3/3 levels left

rFire   . . .        p - +2 hand axe (flame)
rCold   . . .        c - +0 buckler
rNeg    . . .        b - +0 scale mail
rPois   .            (no helmet)
rElec   .            (no cloak)
rCorr   .            (no gloves)
SInv    .            (no boots)
Will    .....        (no amulet) Stlth
                     (no ring)
HPRegen 0.26/turn    (no ring)
MPRegen 0.09/turn

%: no passive effects
@: slow
A: amphibious, slowness 1, strong legs 1, +LOS
a: Hop, Renounce Religion, Channel Magic


You were on level 3 of the Dungeon.
You worshipped Sif Muna.
Sif Muna was aware of your devotion.
You visited 1 branch of the dungeon, and saw 3 of its levels.

You collected 67 gold pieces.

Inventory:

Hand Weapons
 a - a +0 long sword
 p - a +2 hand axe of flaming (weapon)
 r - a +0 sling
Missiles
 s - 12 stones (quivered)
Armour
 b - a +0 scale mail (worn)
 c - a +0 buckler (worn)
Wands
 o - a wand of roots (5)
Scrolls
 e - 2 scrolls of amnesia {unknown}
 g - a scroll of torment {unknown}
 j - a scroll of noise {unknown}
 l - a scroll of teleportation {unknown}
 m - a scroll of enchant weapon {unknown}
 n - a scroll of identify {unknown}
 q - a scroll of acquirement {unknown}
 t - a scroll of immolation {unknown}
Potions
 d - a potion of might
 f - a potion of degeneration {unknown}
 h - a potion of magic {unknown}
 i - a potion of mutation {unknown}
 k - a potion of brilliance {unknown}
 u - a potion of haste {unknown}


   Skills:
 - Level 3.6 Fighting
 + Level 5.2 Long Blades
 - Level 3.6 Armour
 - Level 3.2 Shields


You had 3 spell levels left.
You didn't know any spells.
Your spell library contained the following spells:

 Spells                   Type           Power      Damage    Failure   Level
 Apportation              Tloc           0%         N/A       86%         1
 Jinxbite                 Hex            0%         N/A       95%         2
 Alistair's Intoxication  Alch           0%         N/A       100%        5


Dungeon Overview and Level Annotations

Branches:
Dungeon (3/15)

Altars:
Sif Muna

Shops:
D:2 *


Innate Abilities, Weirdness & Mutations

You are amphibious.
You cover ground slowly.
You can hop short distances.
You have an extended range of vision and can be seen from far away.


Message History

A jackal comes into view.
Found a faded altar of an unknown god.
The jackal barks!
A jackal comes into view. x2
There are monsters nearby!
The jackal barks! x2
You closely miss the jackal.
The jackal bites you but does no damage.
You block the jackal's attack.
You hit the jackal. You burn the jackal.
You kill the jackal!
You hit the jackal. You burn the jackal. You hit the jackal.
You burn the jackal. You block the jackal's attack.
The jackal closely misses you. You block the jackal's attack.
The jackal closely misses you.
You closely miss the jackal.
The jackal is heavily wounded.
You hit the jackal but do no damage.
The jackal bites you but does no damage.
The jackal barely misses you. x2; The jackal closely misses you.
You miss the jackal.
The jackal is heavily wounded.
You hit the jackal. You burn the jackal.
You kill the jackal!
You block the jackal's attack. The jackal misses you.
You hit the jackal. You burn the jackal.
You kill the jackal!
f - a green potion
s - 7 stones
t - a scroll labelled OLAPISEURR
s - 12 stones (gained 5)
u - a smoky purple potion
There is a faded altar of an unknown god here.
This altar belongs to (a) Cheibriados, (b) Sif Muna or (c) Uskayaw, but you can't tell which.
Press the corresponding letter to learn more about a god, or press enter to convert or escape to cancel.
Sif Muna accepts your prayer! Sif Muna welcomes you!
You can now call upon Sif Muna for magical energy.
Are you sure you want to abandon this character and quit the game? (Confirm with "yes".)
Okay, then.
Are you sure you want to abandon this character and quit the game? (Confirm with "yes".)

##########
###........###
##............#
#######..###..8.⌠.8.#
....................#
....###.####..⌠.@.⌠.#
###.....####........#
####........8.⌠.8..#
#####...............#
.................###.#
.................# .#
.##.###.....†.>..# #
....# #..........#..
....###............<


There were no monsters in sight!

Vanquished Creatures
  An adder (D:2)
  A ribbon worm (D:3)
  A dart slug (D:2)
  3 ball pythons
  4 endoplasms
  6 hobgoblins
  9 jackals
  A quokka (D:2)
  5 bats
  4 frilled lizards
  7 goblins
  2 kobolds
  3 rats
47 creatures vanquished.

Notes
Turn   | Place    | Note
-------+----------+-------------------------------------------
     0 | D:1      | Buffagor the Barachi Fighter began the quest for the Orb.
     0 | D:1      | Reached XP level 1. HP: 18/18 MP: 1/1
   164 | D:1      | Reached skill level 3 in Long Blades
   310 | D:1      | Reached XP level 2. HP: 24/24 MP: 2/2
   963 | D:2      | Found Ycvimnut's Assorted Antiques.
  1105 | D:2      | Reached skill level 4 in Long Blades
  1146 | D:2      | Reached XP level 3. HP: 25/29 MP: 3/3
  1901 | D:3      | Reached skill level 5 in Long Blades
  1942 | D:3      | Reached XP level 4. HP: 34/36 MP: 4/4
  1988 | D:3      | Found a faded altar of an unknown god.
  2037 | D:3      | Prayed at the altar of an unknown god.
  2037 | D:3      | Became a worshipper of Sif Muna the Loreminder
  2037 | D:3      | Reached * piety under Sif Muna
  2038 | D:3      | Quit the game

Illustrated notes

Levels and vault maps discovered:
D:1:      ldierk_walled_garden, layout_basic, minmay_split_cup_small
D:2:      layout_basic, serial_shops, shop
D:3:      layout_rooms, fedhas_altar_3, hellmonk_ecumenical_altar_dog_temple

Skill      XL: |  1  2  3 |
---------------+----------+-----
Long Blades    | 3 4 5 |  5.2
Fighting       | |  3.6
Armour         | |  3.6
Shields        | |  3.2

Action                     |  1- 3 |  4- 6 || total
---------------------------+-------+-------++-------
  Melee: Long sword        |   107 |       ||   107
         Hand axe          |     8 |    10 ||    18
  Throw: Stone             |    29 |       ||    29
 Armour: Scale mail        |    86 |     4 ||    90
  Dodge: Dodged            |    53 |     7 ||    60
  Block: Buckler           |    27 |     5 ||    32
